 Dungeon Crawl Stone Soup version 0.27-a0-898-g810843a28d (webtiles) character file.

Game seed: 9363068196077639174

403207 c4ctus5 the Hoplite (level 23, -18/154 (167) HPs)
             Began as a Gargoyle Fighter on Apr 4, 2021.
             Was the Champion of Ru.
             Killed from afar by a hell hound (20 damage)
             ... with a blast of flame
             ... in the Vestibule of Hell on Apr 5, 2021.
             The game lasted 06:53:06 (66447 turns).

c4ctus5 the Hoplite (Gargoyle Fighter)             Turns: 66447, Time: 06:53:07

HP:   -18/154 (167) AC: 55    Str: 41    XL:     23   Next: 34%
MP:   4/23          EV:  9    Int:  9    God:    Ru [******]
Gold: 3853          SH: 30    Dex: 14    Spells: 22/22 levels left

rFire    . . .     SeeInvis .   y - +9 flail (protect)
rCold    + . .     Faith    .   C - +2 tower shield
rNeg     + + .     Spirit   .   I - +2 plate armour
rPois    ∞         Reflect  .   i - +0 helmet of the Cuttlefish {Str+4 Dex+3 Slay+2}
rElec    +         Harm     .   m - +0 cloak
rCorr    .         Rampage  .   D - +0 pair of gloves {Dex+3}
Will     +....                  Y - +4 pair of boots of Valour {Str+4}
Stlth    ..........             t - amulet of regeneration
HPRegen  1.35/turn              T - ring of the Burgomaster {+Inv rPois rN+ Slay+4}
MPRegen  0.18/turn              W - ring of Basetemm {rC+ Str+6}

@: exhausted, weakened, protection aura, flying, studying Armour, drained
A: AC +17, big wings, negative energy resistance 1, electricity resistance,
torment resistance 1, unbreathing 1, petrification resistance, inability to use
devices, inability to train dodging, inexperienced 1, missing an eye, clumsy 1,
dopey 1
}: 2/15 runes: serpentine, barnacled
a: Renounce Religion, Draw Out Power, Power Leap, Apocalypse


You were in the Vestibule of Hell.
You worshipped Ru.
Ru was exalted by your worship.
You visited 10 branches of the dungeon, and saw 41 of its levels.
You visited the Abyss 3 times.
You visited 1 bazaar.

You collected 6995 gold pieces.
You spent 3142 gold pieces at shops.

Inventory:

Hand Weapons
 c - a +1 eveningstar of chaos
 l - a +4 sacred scourge of holy wrath
 y - a +9 flail of protection (weapon)
Missiles
 h - 1315 stones (quivered)
 j - 11 curare-tipped darts
 K - 83 poisoned darts
 M - 8 throwing nets
 S - 3 atropa-tipped darts
 V - 8 boomerangs of dispersal
Armour
 i - the +0 helmet of the Cuttlefish (worn) {Str+4 Dex+3 Slay+2}
   (You found it on level 9 of the Dungeon)

   It affects your strength (+4).
   It affects your dexterity (+3).
   It affects your accuracy and damage with ranged weapons and melee attacks
   (+2).
 m - a +0 cloak (worn)
 C - a +2 tower shield (worn)
 D - a +0 pair of gloves of dexterity (worn)
 I - a +2 plate armour (worn)
 Y - the +4 pair of boots of Valour (worn) {Str+4}
   (You found it on level 1 of the Snake Pit)

   It affects your strength (+4).
Jewellery
 e - a ring of protection from fire
 f - a ring of positive energy
 g - a +6 ring of dexterity
 n - a +4 ring of evasion
 t - an amulet of regeneration (around neck)
 w - an amulet of the acrobat
 E - a +6 ring of intelligence
 F - a ring of protection from cold
 T - the ring of the Burgomaster (left hand) {+Inv rPois rN+ Slay+4}
   (You bought it in a shop in a bazaar)

   [ring of slaying]

   It affects your accuracy and damage with ranged weapons and melee attacks
   (+4).
   It protects you from poison.
   It protects you from negative energy.
   It lets you turn invisible.
 W - the ring of Basetemm (right hand) {rC+ Str+6}
   (You took it off a deep elf annihilator on level 3 of the Elven Halls)

   [ring of strength]

   It affects your strength (+6).
   It protects you from cold.
Scrolls
 b - a scroll of silence
 q - 4 scrolls of fear
 r - a scroll of enchant weapon
 v - 9 scrolls of teleportation
 x - 2 scrolls of magic mapping
 z - 2 scrolls of holy word
 A - 11 scrolls of identify
 H - 4 scrolls of fog
 O - 2 scrolls of blinking
 Q - a scroll of enchant armour
 U - 2 scrolls of brand weapon
 Z - 2 scrolls of amnesia
Potions
 a - 8 potions of brilliance
 d - 5 potions of might
 k - 17 potions of curing
 s - 5 potions of cancellation
 B - 5 potions of haste
 G - a potion of ambrosia
 J - 2 potions of invisibility
 L - 6 potions of attraction
 N - a potion of resistance
 P - 3 potions of heal wounds
 R - 2 potions of magic


   Skills:
 * Level 23.9 Fighting
 - Level 14.0 Maces & Flails
 + Level 10.1 Throwing
 + Level 17.4 Armour
 - Level 0.4 Stealth
 + Level 24.1 Shields


You had 22 spell levels left.
You didn't know any spells.
Your spell library contained the following spells:

 Spells                   Type           Power      Damage    Failure   Level
 Beastly Appendage        Tmut           0%         N/A       82%         1
 Corona                   Hex            0%         N/A       82%         1
 Magic Dart               Conj           0%         1d3       82%         1
 Shock                    Conj/Air       0%         1d3       82%         1
 Sting                    Tmut/Pois      0%         1d3       82%         1
 Summon Small Mammal      Summ           0%         N/A       82%         1
 Blink                    Tloc           N/A        N/A       91%         2
 Call Imp                 Summ           0%         N/A       91%         2
 Ensorcelled Hibernation  Hex/Ice        0%         N/A       91%         2
 Poisonous Vapours        Pois/Air       0%         N/A       91%         2
 Searing Ray              Conj           0%         3d3       91%         2
 Swiftness                Air            0%         N/A       91%         2
 Wereblood                Tmut           0%         N/A       91%         2
 Call Canine Familiar     Summ           0%         N/A       99%         3
 Confusing Touch          Hex            0%         N/A       99%         3
 Conjure Flame            Conj/Fire      0%         6-21      99%         3
 Dazzling Flash           Conj/Hex       0%         N/A       99%         3
 Frozen Ramparts          Ice            0%         1d2       99%         3
 Gell's Gravitas          Tloc           0%         N/A       99%         3
 Ignite Poison            Fire/Tmut/Pois 0%         N/A       99%         3
 Lesser Beckoning         Tloc           0%         N/A       99%         3
 Mephitic Cloud           Conj/Pois/Air  0%         N/A       99%         3
 Spider Form              Tmut/Pois      0%         N/A       99%         3
 Static Discharge         Conj/Air       0%         N/A       99%         3
 Summon Guardian Golem    Hex/Summ       0%         N/A       99%         3
 Teleport Other           Tloc           0%         N/A       99%         3
 Tukima's Dance           Hex            0%         N/A       99%         3
 Airstrike                Air            0%         N/A       100%        4
 Animate Dead             Necr           0%         N/A       100%        4
 Cause Fear               Hex            0%         N/A       100%        4
 Fulminant Prism          Conj/Hex       0%         3d6       100%        4
 Ice Form                 Ice/Tmut       0%         N/A       100%        4
 Iskenderun's Mystic Bla  Conj/Tloc      0%         2d3       100%        4
 Olgreb's Toxic Radiance  Pois           0%         N/A       100%        4
 Petrify                  Tmut/Erth      0%         N/A       100%        4
 Summon Ice Beast         Ice/Summ       0%         N/A       100%        4
 Summon Lightning Spire   Summ/Air       0%         N/A       100%        4
 Alistair's Intoxication  Tmut/Pois      0%         N/A       100%        5
 Bolt of Magma            Conj/Fire/Erth 0%         4d4       100%        5
 Borgnjor's Vile Clutch   Necr/Erth      0%         N/A       100%        5
 Hydra Form               Tmut           0%         N/A       100%        5
 Irradiate                Conj/Tmut      0%         3d13      100%        5
 Iskenderun's Battlesphe  Conj           0%         2d6       100%        5
 Lightning Bolt           Conj/Air       0%         1d11      100%        5
 Manifold Assault         Tloc           0%         N/A       100%        5
 Metabolic Englaciation   Hex/Ice        0%         N/A       100%        5
 Silence                  Hex/Air        0%         N/A       100%        5
 Yara's Violent Unravell  Hex/Tmut       0%         3d3       100%        5
 Blade Hands              Tmut           0%         N/A       100%        6
 Death Channel            Necr           0%         N/A       100%        6
 Eringya's Noxious Bog    Tmut/Pois      0%         N/A       100%        6
 Freezing Cloud           Conj/Ice/Air   0%         6-21      100%        6
 Iron Shot                Conj/Erth      0%         9d1       100%        6
 Simulacrum               Ice/Necr       0%         N/A       100%        6
 Dragon Form              Tmut           0%         N/A       100%        7
 Haunt                    Necr/Summ      0%         N/A       100%        7
 Malign Gateway           Summ/Tloc      0%         N/A       100%        7
 Monstrous Menagerie      Summ           0%         N/A       100%        7
 Orb of Destruction       Conj           0%         N/A       100%        7
 Ozocubu's Refrigeration  Ice            0%         4d5       100%        7
 Spellforged Servitor     Conj/Summ      0%         N/A       100%        7
 Discord                  Hex            0%         N/A       100%        8
 Summon Horrible Things   Summ           0%         N/A       100%        8
 Sublimation of Blood     Necr           Unusable   N/A       N/A         2
 Statue Form              Tmut/Erth      Unusable   N/A       N/A         6

Dungeon Overview and Level Annotations

Branches:
Dungeon (15/15)            Temple (1/1) D:6            Lair (6/6) D:11
 Shoals (4/4) Lair:4        Snake (4/4) Lair:4        Slime (0/5) Lair:6
    Orc (2/2) D:11            Elf (3/3) Orc:2        Vaults (4/5) D:14
  Crypt (0/3) Vaults:2     Depths (1/5) D:15           Hell (1/1)
    Dis: Hell:1         Geh: Hell:1         Coc: Hell:1         Tar: Hell:1

Altars:
Ashenzari
Dithmenos
Elyvilon
Fedhas
Gozag
Hepliaklqana
Kikubaaqudgha
Makhleb
Nemelex Xobeh
Okawaru
Qazlal
Ru
Sif Muna
Trog
Uskayaw
Vehumet
Wu Jian
Xom
Yredelemnul
Beogh

Shops:
D:9 :   Orc:2 =![(   Shoals:1 *   Snake:1 (   Snake:2 (*?   Snake:3 (:
Vaults:2 (   Vaults:4 :[=[

Portals:
Hell: Depths:1
Trove: Vaults:3 (give 9 potions of haste)

Annotations:
Lair:2 exclusion: oklob plant
Hell Geryon, Murray


Innate Abilities, Weirdness & Mutations

Your stone body is resilient. (AC +17)
You are immune to poison.
Your large and strong wings let you fly.
You resist negative energy. (rN+)
You are resistant to electric shocks. (rElec)
You are resistant to unholy torment.
You can survive without breathing.
You are immune to petrification.
You cannot study or use magical devices.
You cannot train Dodging skill.
You are somewhat inexperienced. (-2 XL)
You are missing an eye, making it more difficult to aim.
You are clumsy. (Dex -2)
You are dopey. (Int -2)


Message History

The hell beast bites you but does no damage.
You block the hell beast's attack. You block the red devil's attack.
You sock the hell beast!
You kill the hell beast!
A hell hound comes into view.
The balrug hits you with a +1 demon whip of electrocution!
You are engulfed in flames!!
* * * LOW HITPOINT WARNING * * *
You focus your inner power and illuminate the balrug in retribution!
The hell hound begins to attack, but is stunned by your conviction!
You bludgeon the hell hound!!
The hell hound is severely wounded.
The hell hound bites you but does no damage.
Geryon winds a great silver horn.
The balrug closely misses you. The hell beast completely misses you.
You block the hell beast's attack. You block the red devil's attack.
The hell hound bites you but does no damage.
You block the hell hound's attack.
You thump the hell hound!
You kill the hell hound!
The four-headed hydra zombie is no longer paralysed.
The balrug stops glowing.
The hell beast is no longer paralysed.
You redirect the balrug's attack!
The balrug hits you with a +1 demon whip of electrocution.
* * * LOW HITPOINT WARNING * * *
You are engulfed in flames!!
* * * LOW HITPOINT WARNING * * *
The hell beast is stunned by your conviction and fails to attack.
You block the red devil's attack.
The hell hound begins to attack, but is stunned by your conviction!
You block the sun demon's attack.
You thump the seven-headed hydra skeleton!
The seven-headed hydra skeleton is lightly damaged.
The rust devil is no longer absorbing vital energies.
The hell hound begins to attack, but is stunned by your conviction!
The hell beast bites you but does no damage.
You block the hell beast's attack. The hell hound breathes flames at you.
The blast of flame hits you!!
You die...

##.....## ..#.......##
...........##
##...........##
.#.............##
................##
.................#
........Zh.......≈
........h2@Z....≈≈
......h.32232Z..≈≈≈
......†.Z.24Z...≈≈≈≈
.......).42&9..≈≈≈≈≈
........)z.Z.Z.≈≈≈≈≈≈
...........32...≈≈≈≈≈≈
................≈≈≈≈≈≈≈
.................≈≈≈≈≈≈≈
.......W2..34Z...≈≈≈≈≈


You could see Geryon (black mark), Murray (black mark, paralysed), 4 hell
beasts, 2 reapers, a balrug, a soul eater, a sun demon, a war gargoyle
(paralysed), a rust devil, a spectral dire elephant (summoned, paralysed), a
smoke demon (black mark), a red devil, 3 hell hounds, a four-headed hydra
zombie, a frost giant zombie (summoned, slow), an anaconda skeleton, 2 sea snake
skeletons and a seven-headed hydra skeleton.

Vanquished Creatures
  Mennas (Vaults:4)
  Bai Suzhen (Shoals:4)
  A golden dragon (Vaults:1)
  Nikola (Snake:1)
  The ghost of Utwej the Omniscient, an adept GnVM of Ashenzari (Vaults:4)
  A bone dragon (Abyss:3)
  Jorgrun (Shoals:3)
  2 liches
  2 deep elf blademasters (Elf:3)
  2 deep elf master archers (Elf:3)
  Frances (Shoals:1)
  3 tentacled starspawn
  A sphinx (Vaults:4)
  Agnes (Elf:1)
  The ghost of Vugicoz the Warrior, an adept MiFi of Ru (Shoals:3)
  Ilsuiw (Shoals:2)
  A shadow dragon (Elf:1)
  3 deep elf sorcerers (Elf:3)
  Roxanne (Snake:1)
  2 frost giants (Depths:1)
  5 nagarajas (Snake:4)
  A fire giant (Depths:1)
  3 iron dragons
  Aizul (Snake:4)
  11 vault wardens
  14 ironbound preservers
  3 deep elf elementalists (Elf:3)
  A reaper (Hell)
  5 stone giants
  The ghost of Xucos the Martial Artist, a journeyman OpTm of Okawaru (Lair:6)
  5 deep elf annihilators (Elf:3)
  14 very ugly things
  Nessos (Lair:5)
  8 deep elf demonologists
  3 dire elephants
  A minotaur (Lair:6)
  2 ettins
  A salamander tyrant (Snake:4)
  6 merfolk javelineers
  A deep elf death mage (Elf:3)
  6 merfolk impalers
  4 fire dragons
  Josephine (Orc:1)
  3 great orbs of eyes
  2 deep elf high priests (Elf:3)
  The ghost of Soul the Basher, a journeyman GnCK of Xom (D:12)
  A rakshasa (Abyss:3)
  10 hydras
  5 yaktaur captains
  8 ironbound thunderhulks
  3 ogre magi
  An ice dragon (D:15)
  11 vault guards
  2 merfolk avatars (Shoals:1)
  16 anacondas
  An anaconda (shapeshifter) (Vaults:1)
  A catoblepas (D:14)
  6 boulder beetles
  15 naga warriors
  8 ironbound frosthearts
  An alligator snapping turtle (Shoals:3)
  11 two-headed ogres
  7 satyrs
  A death knight (D:14)
  3 death yaks
  2 merfolk aquamancers (Shoals:4)
  An alligator (shapeshifter) (Depths:1)
  29 dancing weapons
  A vampire mage (Vaults:2)
  4 ironbound beastmasters
  8 centaur warriors
  A tengu warrior (Depths:1)
  19 deep elf knights
  4 orc high priests
  17 naga sharpshooters
  3 thrashing horrors
  Sonja (D:12)
  4 shock serpents
  A sun demon (Hell)
  13 sea snakes
  A sixfirhy (Abyss:3)
  47 deep trolls
  6 salamander mystics
  A death drake (shapeshifter) (Vaults:2)
  An anaconda zombie (Hell)
  20 deep elf archers
  A deep troll (shapeshifter) (Vaults:1)
  3 glowing orange brains
  5 naga ritualists
  A swamp dragon (Lair:6)
  2 phantasmal warriors
  15 ironbound convokers
  2 necromancers
  An orb spider (Abyss:3)
  3 lindwurms
  8 wizards
  An orange crystal statue (Elf:1)
  26 deep elf pyromancers
  8 orc knights
  A wolf spider (shapeshifter) (Vaults:2)
  7 mana vipers
  8 harpies
  25 deep elf zephyrmancers
  19 fauns
  18 salamanders
  31 ugly things
  4 orc sorcerers (Orc:2)
  15 manticores
  A sphinx skeleton (Vaults:2)
  6 cyclopes
  13 merfolk sirens
  A toenail golem (Abyss:3)
  2 rust devils (Hell)
  18 vault sentinels
  10 water nymphs
  7 guardian serpents
  15 elephants
  37 naga magi
  22 black mambas
  A gargoyle (D:13)
  A cane toad (shapeshifter) (Elf:1)
  2 torpor snails
  A smoke demon (Abyss:3)
  Maurice (D:12)
  11 cane toads
  15 yaktaurs
  5 large abominations (Abyss:3)
  9 rime drakes
  An unseen horror (D:10)
  14 komodo dragons
  A freezing wraith (Abyss:3)
  An efreet (D:14)
  A red devil (Hell)
  A hellwing (Abyss:3)
  2 ancient zymes (Abyss:3)
  26 merfolk
  2 trolls
  3 wind drakes
  A hornet (D:7)
  26 blink frogs
  49 slime creatures
  Prince Ribbit (D:8)
  An ettin zombie (Vaults:2)
  10 snapping turtles
  A raiju (Abyss:3)
  5 vampires
  A tarantella (Vaults:3)
  10 dream sheep
  20 water elementals
  3 wraiths (Orc:1)
  2 ynoxinuls (Abyss:3)
  A spriggan (Lair:3)
  4 air elementals
  11 basilisks
  2 shadows
  An elf zombie (Vaults:2)
  16 wyverns
  3 fire elementals
  51 yaks
  2 vampire mosquitoes (D:11)
  A neqoxec (Abyss:3)
  5 steam dragons
  A chaos spawn (Abyss:3)
  54 nagas
  3 hell hounds
  4 swamp drakes (Lair:6)
  24 water moccasins
  An acid dragon (Lair:6)
  3 necrophages
  24 orc warriors
  5 black bears
  An ice beast (D:6)
  39 wolves
  12 centaurs
  9 ogres
  A tengu (shapeshifter) (D:14)
  5 boggarts
  A kobold brigand (D:9)
  8 bullfrogs
  2 human zombies (Vaults:2)
  A gnoll sergeant (D:8)
  6 scorpions
  5 earth elementals (Elf:1)
  2 small abominations (Abyss:3)
  2 wyvern skeletons (D:7)
  A hornet simulacrum (D:14)
  A water moccasin skeleton (D:4)
  5 killer bees
  4 electric eels
  4 wights
  5 howler monkeys
  9 starcursed masses (Abyss:3)
  2 centaur zombies
  A hound (D:6)
  A jelly (Lair:6)
  12 orc priests
  2 centaur skeletons (D:7)
  An iron imp (Abyss:3)
  A gnoll shaman (D:9)
  5 iguanas
  13 orc wizards
  4 hell rats
  4 killer bee zombies
  3 howler monkey zombies
  15 gnolls
  2 howler monkey skeletons (D:7)
  8 adders
  2 shadow imps (D:7)
  A white imp (D:7)
  An adder skeleton (D:5)
  4 worms
  2 dart slugs
  58 orcs
  4 ball pythons
  6 endoplasms
  5 goblins
  13 hobgoblins
  3 jackals
  5 quokkas
  8 bats
  8 frilled lizards
  12 kobolds
  3 rats
  15 butterflies (Vaults:1)
  A starspawn tentacle (Abyss:3)
1555 creatures vanquished.

Vanquished Creatures (others)
  A sphinx (Vaults:2)
  A nagaraja (Snake:3)
  An ironbound preserver (Vaults:1)
  An entropy weaver (Vaults:3)
  A merfolk javelineer (Shoals:4)
  An ettin (Vaults:1)
  A salamander tyrant (Snake:3)
  A merfolk impaler (Shoals:2)
  A naga warrior (Snake:2)
  A satyr (Shoals:4)
  3 dancing weapons
  A tengu warrior (Depths:1)
  3 deep elf knights
  A deep troll (Vaults:2)
  A glowing orange brain (Vaults:4)
  2 harpies
  A wizard (Vaults:2)
  2 deep elf pyromancers
  2 ironbound convokers
  A deep elf zephyrmancer (Elf:3)
  A mana viper (Snake:3)
  A cyclops (D:15)
  3 slime creatures
  A black mamba (Snake:4)
  2 naga magi
  A water nymph (Shoals:4)
  2 cane toads
  An unseen horror (D:12)
  A komodo dragon (Lair:2)
  2 yaktaurs (Vaults:3)
  A merfolk (Shoals:2)
  A snapping turtle (Lair:4)
  A vampire mosquito (D:11)
  2 water moccasins
  2 nagas
  2 ogres
  2 wolves
  A starcursed mass (Abyss:3)
  An orc wizard (D:9)
  31 fungi
  395 plants
  7 starspawn tentacles
488 creatures vanquished.

Grand Total: 2043 creatures vanquished

Notes
Turn   | Place    | Note
-------+----------+-------------------------------------------
     0 | D:1      | c4ctus5 the Gargoyle Fighter began the quest for the Orb.
     0 | D:1      | Reached XP level 1. HP: 14/14 MP: 1/1
   211 | D:1      | Reached XP level 2. HP: 19/19 MP: 2/2
   614 | D:1      | Reached XP level 3. HP: 18/23 MP: 3/3
  2045 | D:2      | You fall into a shaft and drop 1 floor!
  2546 | D:2      | Reached XP level 4. HP: 7/28 MP: 4/4
  2823 | D:2      | Found a faded altar of an unknown god.
  3075 | D:3      | Noticed a centaur
  3404 | D:2      | Reached skill level 4 in Shields
  3975 | D:3      | Found an ancient bone altar of Kikubaaqudgha.
  4106 | D:3      | Killed a centaur
  4107 | D:3      | Reached XP level 5. HP: 3/32 MP: 5/5
  4502 | D:3      | Reached XP level 6. HP: 37/37 MP: 6/6
  4671 | D:4      | Noticed a black bear
  4677 | D:4      | Killed a black bear
  4678 | D:4      | Reached skill level 5 in Maces & Flails
  4678 | D:4      | Reached skill level 1 in Throwing
  4721 | D:4      | Found a sacrificial altar of Ru.
  4729 | D:4      | Became a worshipper of Ru the Awakened
  4995 | D:4      | Noticed a necrophage
  5009 | D:4      | Killed a necrophage
  5010 | D:4      | Reached XP level 7. HP: 35/42 MP: 7/7
  5602 | D:5      | Entered Level 5 of the Dungeon
  6182 | D:6      | Reached skill level 5 in Shields
  6182 | D:6      | Reached XP level 8. HP: 42/48 MP: 8/8
  6248 | D:6      | Gained mutation: You cannot train Dodging skill. [Ru
                  | sacrifice]
  6248 | D:6      | Reached * piety under Ru
  6569 | D:6      | Found a staircase to the Ecumenical Temple.
  7044 | Temple   | Entered the Ecumenical Temple
  7602 | D:7      | Reached skill level 5 in Fighting
  7610 | D:7      | Reached skill level 5 in Armour
  7981 | D:7      | Reached XP level 9. HP: 53/54 MP: 9/9
  8003 | D:7      | Noticed a two-headed ogre
  8017 | D:7      | Killed a two-headed ogre
  8018 | D:7      | Reached skill level 6 in Shields
  8299 | D:7      | Found a broken altar of Ashenzari.
  8339 | D:7      | Noticed a hornet
  8351 | D:7      | Killed a hornet
  8552 | D:7      | Found an iron altar of Okawaru.
  8634 | D:7      | Found a radiant altar of Vehumet.
  9153 | D:8      | Found a blossoming altar of Fedhas.
  9293 | D:8      | Gained mutation: You are somewhat inexperienced. (-2 XL)
                  | [Ru sacrifice]
  9293 | D:8      | Reached XP level 8. HP: 52/52 MP: 8/8
  9293 | D:8      | Reached XP level 7. HP: 47/47 MP: 7/7
  9293 | D:8      | Reached ** piety under Ru
  9293 | D:8      | Reached *** piety under Ru
  9410 | D:8      | Noticed a cyclops
  9430 | D:8      | Killed a cyclops
  9431 | D:8      | Reached skill level 10 in Maces & Flails
  9431 | D:8      | Reached skill level 7 in Shields
  9431 | D:8      | Reached XP level 8. HP: 35/52 MP: 8/8
  9567 | D:8      | Found a bloodstained altar of Trog.
  9878 | D:9      | Noticed Prince Ribbit
 10122 | D:9      | Noticed a shadow
 10151 | D:8      | Killed a shadow
 10392 | D:8      | Killed Prince Ribbit
 10445 | D:8      | Reached XP level 9. HP: 55/57 MP: 9/9
 10907 | D:9      | Reached skill level 8 in Shields
 11219 | D:9      | Identified the +0 helmet of the Cuttlefish {Str+4 Dex+3
                  | Slay+2}
 11972 | D:9      | Found Xunikk's Book Shoppe.
 12058 | D:10     | Entered Level 10 of the Dungeon
 12417 | D:10     | Reached XP level 10. HP: 55/63 MP: 10/10
 12655 | D:10     | Gained mutation: You are missing an eye, making it more
                  | difficult to aim. [Ru sacrifice]
 12655 | D:10     | Reached **** piety under Ru
 12660 | D:10     | Noticed an unseen horror
 12662 | D:10     | Killed an unseen horror
 12844 | D:10     | Found a stormy altar of Qazlal.
 12844 | D:10     | Found a hazy altar of Hepliaklqana.
 13040 | D:11     | Noticed an orc knight
 13093 | D:10     | Killed an orc knight
 13383 | D:11     | Noticed an orc knight
 13970 | D:10     | Killed an orc knight
 13971 | D:10     | Reached XP level 11. HP: 36/69 MP: 7/11
 14248 | D:10     | Reached skill level 9 in Shields
 14540 | D:11     | Found a staircase to the Orcish Mines.
 14576 | D:11     | Found a staircase to the Lair.
 14645 | D:11     | Noticed a cyclops
 14665 | D:11     | Noticed a two-headed ogre
 14674 | D:10     | Killed a cyclops
 14763 | D:10     | Killed a two-headed ogre
 15227 | D:11     | Noticed a two-headed ogre
 15232 | D:11     | Killed a two-headed ogre
 15429 | D:11     | Noticed a red ugly thing
 15429 | D:11     | Noticed a brown ugly thing
 15447 | D:11     | Killed a red ugly thing
 15456 | D:11     | Killed a red ugly thing
 15764 | D:11     | Noticed a boulder beetle
 15797 | D:11     | Killed a boulder beetle
 16283 | Lair:1   | Entered Level 1 of the Lair of Beasts
 16345 | D:12     | Noticed a cyclops
 16476 | D:11     | Killed a cyclops
 16477 | D:11     | Reached XP level 12. HP: 75/76 MP: 12/12
 16511 | D:12     | Found a large runed translucent door.
 16512 | D:12     | Found a large runed translucent door.
 16732 | D:12     | Reached skill level 10 in Shields
 16743 | D:11     | Gained mutation: You cannot study or use magical devices.
                  | [Ru sacrifice]
 16743 | D:11     | Reached ***** piety under Ru
 16743 | D:11     | Reached ****** piety under Ru
 16779 | D:12     | Noticed a boulder beetle
 16800 | D:12     | Killed a boulder beetle
 16887 | D:12     | Noticed Soul's ghost (journeyman GnCK)
 16934 | D:12     | Noticed a two-headed ogre
 16972 | D:11     | Killed a two-headed ogre
 17282 | D:12     | You fall into a shaft and drop 3 floors!
 17282 | D:15     | Entered Level 15 of the Dungeon
 17622 | D:14     | Noticed a catoblepas
 18045 | D:14     | Reached skill level 10 in Fighting
 18169 | D:13     | Noticed a centaur warrior
 18170 | D:13     | Noticed a two-headed ogre
 18187 | D:12     | Killed a two-headed ogre
 18345 | D:12     | Noticed a boulder beetle
 18356 | D:12     | Killed a boulder beetle
 18526 | D:12     | Noticed Maurice
 18536 | D:12     | Killed Maurice
 18604 | D:12     | Noticed a two-headed ogre
 18616 | D:12     | Killed a two-headed ogre
 18787 | D:12     | Noticed Sonja
 18799 | D:12     | Killed Sonja
 18800 | D:12     | Reached skill level 5 in Throwing
 18958 | D:12     | Killed Soul's ghost
 19004 | D:13     | Noticed a centaur warrior
 19149 | D:12     | Killed a centaur warrior
 19695 | D:13     | Noticed a centaur warrior
 19707 | D:13     | Killed a centaur warrior
 19708 | D:13     | Reached XP level 13. HP: 76/83 MP: 13/13
 20487 | D:13     | Reached skill level 11 in Shields
 20880 | D:11     | Reached skill level 10 in Armour
 21929 | Lair:2   | Found a gate leading to a gauntlet.
 22791 | Lair:2   | Reached skill level 12 in Shields
 23736 | Lair:3   | Gained mutation: Your large and strong wings let you fly.
                  | [Gargoyle growth]
 23736 | Lair:3   | Reached XP level 14. HP: 80/92 MP: 14/14
 25103 | Lair:4   | Reached skill level 13 in Shields
 26413 | Lair:4   | Found a staircase to the Snake Pit.
 26541 | Lair:4   | Found a staircase to the Shoals.
 27206 | Lair:5   | Noticed Nessos
 27212 | Lair:5   | Killed Nessos
 27262 | Lair:5   | Identified the +2 flail "Tibbirchi" {vorpal, rC+ Str+7
                  | Stlth-}
 28244 | Lair:6   | Entered Level 6 of the Lair of Beasts
 28952 | Lair:6   | Reached skill level 14 in Shields
 29104 | Lair:5   | Reached XP level 15. HP: 94/100 MP: 15/15
 29160 | Lair:6   | Found a staircase to the Slime Pits.
 30207 | Lair:6   | Found a runed translucent gate.
 30207 | Lair:6   | Found a runed translucent gate.
 30208 | Lair:6   | Found a runed translucent gate.
 30212 | Lair:6   | Noticed Xucos's ghost (journeyman OpTm)
 31029 | Lair:6   | Killed Xucos's ghost
 31639 | D:14     | Reached skill level 15 in Shields
 31835 | D:14     | Found a gate to the Vaults.
 31863 | D:14     | Reached skill level 15 in Fighting
 32231 | D:15     | Cast into level 2 of the Abyss (a wizard)
 32241 | D:15     | Escaped the Abyss
 33371 | D:15     | Found a staircase to the Depths.
 33752 | Snake:1  | Entered Level 1 of the Snake Pit
 33798 | Snake:1  | Identified the +4 pair of boots of Valour {Str+4}
 33832 | Snake:1  | Reached XP level 16. HP: 109/109 MP: 16/16
 33920 | Snake:1  | Noticed Nikola
 33940 | Snake:1  | Killed Nikola
 34055 | Snake:1  | Noticed Roxanne
 34628 | Snake:1  | Killed Roxanne
 34654 | Snake:1  | Found Baho's Weapon Shop.
 36231 | Snake:2  | Found Zup Ahan's Weapon Shoppe.
 36233 | Snake:2  | Found Nulis's General Store.
 36235 | Snake:2  | Found Siguw's Magic Scroll Shoppe.
 36246 | Snake:2  | Bought a +3 flail of protection for 339 gold pieces
 36246 | Snake:2  | Bought a scroll of identify for 32 gold pieces
 36258 | Snake:2  | Bought a scroll of enchant weapon for 105 gold pieces
 36258 | Snake:2  | Bought a scroll of magic mapping for 49 gold pieces
 36258 | Snake:2  | Bought a scroll of identify for 28 gold pieces
 36258 | Snake:2  | Bought a scroll of teleportation for 42 gold pieces
 37709 | Snake:3  | Found Coifron's Antique Weapon Shoppe.
 37713 | Snake:3  | Found Ikhlesula's Book Emporium.
 38251 | Snake:4  | Entered Level 4 of the Snake Pit
 38279 | Snake:4  | Reached XP level 17. HP: 54/109 MP: 8/17
 40253 | Snake:4  | Noticed Aizul
 40271 | Snake:4  | Killed Aizul
 40272 | Snake:4  | Reached skill level 16 in Shields
 41963 | Snake:3  | Reached XP level 18. HP: 116/126 MP: 18/18
 42295 | Snake:4  | Got a serpentine rune of Zot
 42610 | Shoals:1 | Entered Level 1 of the Shoals
 42663 | Shoals:1 | Reached skill level 17 in Shields
 43203 | Shoals:1 | Noticed Frances
 43209 | Shoals:1 | Found Ushraad's Island Escapes.
 43226 | Shoals:1 | Killed Frances
 43318 | Shoals:1 | Bought a scroll of fog for 32 gold pieces
 43318 | Shoals:1 | Bought a potion of invisibility for 128 gold pieces
 43318 | Shoals:1 | Bought 3 scrolls of blinking for 360 gold pieces
 43318 | Shoals:1 | Bought a scroll of fog for 32 gold pieces
 43318 | Shoals:1 | Bought a scroll of fog for 32 gold pieces
 44147 | Shoals:2 | Noticed Ilsuiw
 44728 | Shoals:2 | Killed Ilsuiw
 44729 | Shoals:2 | Reached skill level 15 in Armour
 45247 | Shoals:3 | Upgraded the game from 0.27-a0-887-gcab673c142 to
                  | 0.27-a0-898-g810843a28d
 45249 | Shoals:3 | Noticed Jorgrun
 45777 | Shoals:3 | Found a runed translucent door.
 45806 | Shoals:3 | Found a shimmering altar of Xom.
 45806 | Shoals:3 | Noticed Vugicoz's ghost (adept MiFi)
 46423 | Shoals:3 | Reached skill level 18 in Shields
 46862 | Shoals:3 | Killed Jorgrun
 47726 | Shoals:3 | Identified a scroll of acquirement
 48294 | Shoals:3 | Killed Vugicoz's ghost
 48527 | Shoals:4 | Entered Level 4 of the Shoals
 48555 | Shoals:4 | Noticed Bai Suzhen
 48582 | Shoals:4 | Killed Bai Suzhen
 48895 | Shoals:4 | Reached XP level 19. HP: 88/133 MP: 19/19
 49896 | Shoals:4 | Reached skill level 19 in Shields
 50319 | Shoals:4 | Got a barnacled rune of Zot
 50622 | Orc:1    | Entered Level 1 of the Orcish Mines
 51115 | Orc:2    | Entered Level 2 of the Orcish Mines
 51115 | Orc:2    | Noticed Josephine
 51142 | Orc:1    | Killed Josephine
 51184 | Orc:2    | Found a staircase to the Elven Halls.
 51385 | Orc:1    | You are sucked into a shaft and drop 1 floor!
 51553 | Orc:2    | Gained mutation: You are dopey. (Int -2) [a neqoxec]
 51554 | Orc:2    | Gained mutation: You are clumsy. (Dex -2) [a neqoxec]
 51822 | Orc:2    | Found Vualunt's Distillery.
 51822 | Orc:2    | Found Huck's Jewellery Boutique.
 51828 | Orc:2    | Found Jeev's Antique Weapon Shoppe.
 51828 | Orc:2    | Found Fiofos's Armour Shoppe.
 51849 | Orc:2    | Bought 2 potions of curing for 78 gold pieces
 51849 | Orc:2    | Bought a potion of invisibility for 104 gold pieces
 51849 | Orc:2    | Bought a potion of heal wounds for 65 gold pieces
 51849 | Orc:2    | Bought a potion of curing for 39 gold pieces
 51849 | Orc:2    | Bought a potion of heal wounds for 65 gold pieces
 52314 | Elf:1    | Entered Level 1 of the Elven Halls
 52402 | Elf:1    | Noticed a Brimstone Fiend
 52712 | Elf:1    | Noticed Agnes
 53061 | Elf:1    | Found a flickering gateway to a bazaar.
 53070 | Bazaar   | Entered a bazaar
 53074 | Bazaar   | Found Botaohie's Jewellery Boutique.
 53096 | Bazaar   | Found Ohuustui's Antique Weapon Emporium.
 53117 | Bazaar   | Found Plog's Distillery.
 53137 | Bazaar   | Found Ricekhla's Antique Armour Shoppe.
 53224 | Bazaar   | Bought an amulet of regeneration for 330 gold pieces
 53224 | Bazaar   | Bought the ring of the Burgomaster {+Inv rPois rN+ Slay+4}
                  | for 1102 gold pieces
 53266 | Bazaar   | Bought a potion of curing for 27 gold pieces
 53266 | Bazaar   | Bought a potion of might for 36 gold pieces
 53266 | Bazaar   | Bought a potion of heal wounds for 45 gold pieces
 53266 | Bazaar   | Bought a potion of cancellation for 72 gold pieces
 53326 | Elf:1    | Killed Agnes
 53462 | Elf:1    | Cast into level 3 of the Abyss (a deep elf demonologist)
 53462 | Abyss:3  | Found a corrupted altar of Lugonu.
 53584 | Elf:1    | Escaped the Abyss
 53630 | Elf:1    | Found a runed translucent gate.
 53630 | Elf:1    | Found a runed translucent gate.
 53630 | Elf:1    | Found a runed translucent gate.
 53630 | Elf:1    | Found a runed translucent gate.
 53630 | Elf:1    | Found a runed translucent gate.
 53631 | Elf:1    | Found a runed translucent gate.
 54385 | Elf:1    | Reached skill level 20 in Shields
 54414 | Elf:2    | Identified the +5 battleaxe of Mutilation {pain, rF+ rN+}
 54427 | Elf:2    | Reached XP level 20. HP: 131/142 MP: 20/20
 54621 | Elf:2    | Found a runed translucent gate.
 54678 | Elf:2    | Found a runed translucent gate.
 54683 | Elf:2    | Found a runed translucent gate.
 55796 | Elf:3    | Entered Level 3 of the Elven Halls
 56956 | Elf:3    | Identified the ring of Basetemm {rC+ Str+6}
 56991 | Elf:3    | Identified the amulet "Darph" {Faith Fragile rC+++ Int-4
                  | Slay+3}
 57033 | Elf:3    | Identified the ring of Hoetet {rElec rPois MP+9}
 57070 | Elf:3    | Cast into level 3 of the Abyss (a deep elf sorcerer)
 57121 | Abyss:3  | Found a corrupted altar of Lugonu.
 57289 | Abyss:3  | Gained mutation: You evolve. [a neqoxec]
 57302 | Abyss:3  | Paralysed by accursed screaming for 2 turns
 57446 | Abyss:3  | Noticed a bone dragon
 57471 | Abyss:3  | Killed a bone dragon
 57474 | Abyss:3  | Reached skill level 21 in Shields
 57492 | Elf:3    | Escaped the Abyss
 57732 | Elf:3    | Lost mutation: You evolve. [end of evolution]
 57841 | Elf:3    | Identified the +11 spear of Tiddeips {venom, Str+4}
 57854 | Elf:3    | Reached skill level 10 in Throwing
 57895 | Elf:3    | Reached XP level 21. HP: 102/144 MP: 18/21
 57990 | Elf:3    | Identified the ring of Vozupi {Str+2 Int+3 SInv}
 58119 | Elf:3    | Found the +3 hat of Pondering {ponderous, Will+ MP+10
                  | Int+5}
 58133 | Elf:3    | Identified the Catalogue of the Frigorific Entourage
 58572 | Vaults:1 | Entered Level 1 of the Vaults
 58851 | Vaults:1 | Found a huge runed gate.
 58851 | Vaults:1 | Found a huge runed gate.
 58851 | Vaults:1 | Found a huge runed gate.
 58851 | Vaults:1 | Found a huge runed gate.
 58851 | Vaults:1 | Found a huge runed gate.
 58852 | Vaults:1 | Found a huge runed gate.
 58852 | Vaults:1 | Found a huge runed gate.
 58852 | Vaults:1 | Found a huge runed gate.
 58852 | Vaults:1 | Found a huge runed gate.
 58852 | Vaults:1 | Found a huge runed gate.
 58853 | Vaults:1 | Found a huge runed gate.
 58854 | Vaults:1 | Found a huge runed gate.
 58855 | Vaults:1 | Found a huge runed gate.
 58856 | Vaults:1 | Found a huge runed gate.
 58857 | Vaults:1 | Found a huge runed gate.
 58866 | Vaults:1 | Found a huge runed gate.
 58866 | Vaults:1 | Found a huge runed gate.
 58866 | Vaults:1 | Found a huge runed gate.
 58866 | Vaults:1 | Found a huge runed gate.
 58866 | Vaults:1 | Found a huge runed gate.
 58866 | Vaults:1 | Found a huge runed gate.
 58867 | Vaults:1 | Found a huge runed gate.
 58868 | Vaults:1 | Found a huge runed gate.
 58869 | Vaults:1 | Found a huge runed gate.
 58877 | Vaults:1 | Found a huge runed gate.
 58877 | Vaults:1 | Found a huge runed gate.
 58877 | Vaults:1 | Found a huge runed gate.
 58877 | Vaults:1 | Found a huge runed gate.
 58877 | Vaults:1 | Found a huge runed gate.
 60030 | Vaults:1 | Found a huge runed gate.
 60031 | Vaults:1 | Found a huge runed gate.
 60032 | Vaults:1 | Found a huge runed gate.
 60033 | Vaults:1 | Found a huge runed gate.
 60041 | Vaults:1 | Found a huge runed gate.
 60041 | Vaults:1 | Found a huge runed gate.
 60041 | Vaults:1 | Found a huge runed gate.
 60043 | Vaults:1 | Found a huge runed gate.
 60043 | Vaults:1 | Found a huge runed gate.
 60043 | Vaults:1 | Found a huge runed gate.
 60043 | Vaults:1 | Found a huge runed gate.
 60043 | Vaults:1 | Found a huge runed gate.
 60044 | Vaults:1 | Found a huge runed gate.
 60044 | Vaults:1 | Found a huge runed gate.
 60044 | Vaults:1 | Found a huge runed gate.
 60044 | Vaults:1 | Found a huge runed gate.
 60046 | Vaults:1 | Found a huge runed gate.
 60046 | Vaults:1 | Found a huge runed gate.
 60046 | Vaults:1 | Found a huge runed gate.
 60046 | Vaults:1 | Found a huge runed gate.
 60046 | Vaults:1 | Found a huge runed gate.
 60047 | Vaults:1 | Found a huge runed gate.
 60048 | Vaults:1 | Found a huge runed gate.
 60049 | Vaults:1 | Found a huge runed gate.
 60050 | Vaults:1 | Found a huge runed gate.
 60058 | Vaults:1 | Found a huge runed gate.
 60058 | Vaults:1 | Found a huge runed gate.
 60058 | Vaults:1 | Found a huge runed gate.
 60058 | Vaults:1 | Found a huge runed gate.
 60058 | Vaults:1 | Found a huge runed gate.
 60058 | Vaults:1 | Found a huge runed gate.
 60059 | Vaults:1 | Found a huge runed gate.
 60060 | Vaults:1 | Found a huge runed gate.
 60061 | Vaults:1 | Found a huge runed gate.
 60069 | Vaults:1 | Found a huge runed gate.
 60069 | Vaults:1 | Found a huge runed gate.
 60069 | Vaults:1 | Found a huge runed gate.
 60069 | Vaults:1 | Found a huge runed gate.
 60069 | Vaults:1 | Found a huge runed gate.
 60069 | Vaults:1 | Found a huge runed gate.
 60070 | Vaults:1 | Found a huge runed gate.
 60071 | Vaults:1 | Found a huge runed gate.
 60072 | Vaults:1 | Found a huge runed gate.
 60079 | Vaults:1 | Noticed a golden dragon
 60080 | Vaults:1 | Identified the +10 trident "Mugho" {flame, Str+4}
 60080 | Vaults:1 | Killed a golden dragon
 60081 | Vaults:1 | Reached skill level 22 in Shields
 60222 | Vaults:1 | Identified the amulet "Sunuun" {Faith rC+ Int-5 Dex+4
                  | Stlth+}
 60635 | Vaults:2 | Found a magical portal.
 60636 | Vaults:2 | You are sucked into a shaft and drop 1 floor!
 60980 | Vaults:3 | Reached XP level 22. HP: 158/158 MP: 22/22
 61517 | Vaults:2 | Found a staircase to the Crypt.
 61591 | Vaults:2 | Found Ciepelin's Weapon Boutique.
 62171 | Vaults:2 | Reached skill level 23 in Shields
 63155 | Vaults:3 | Paralysed by a great orb of eyes for 4 turns
 63341 | Vaults:3 | Found a portal to a secret trove of treasure.
 63979 | Vaults:4 | Found Amocou's Jewellery Shop.
 64018 | Vaults:4 | Noticed Mennas
 64090 | Vaults:4 | Killed Mennas
 64093 | Vaults:4 | Acquired 1042 gold pieces
 64097 | Vaults:4 | Acquired a manual of Armour
 64590 | Vaults:4 | Paralysed by a great orb of eyes for 4 turns
 64788 | Vaults:4 | Found Jina's Antique Armour Shop.
 64941 | Vaults:4 | Reached XP level 23. HP: 165/165 MP: 23/23
 64979 | Vaults:4 | Found Ycegac's Book Shop.
 65197 | Vaults:4 | Found Lami Gya's Armour Shoppe.
 65210 | Vaults:4 | Found a large runed translucent door.
 65210 | Vaults:4 | Found a large runed translucent door.
 65211 | Vaults:4 | Noticed Utwej's ghost (adept GnVM)
 65212 | Vaults:4 | Found the +7 sceptre of Torment {pain, torment}
 65490 | Vaults:4 | Killed Utwej's ghost
 65521 | Vaults:4 | Identified the +11 battleaxe of Iconoclasm {vorpal, rPois}
 65797 | Depths:1 | Entered Level 1 of the Depths
 65952 | Depths:1 | Reached skill level 24 in Shields
 66297 | Depths:1 | Found a gateway to Hell.
 66402 | Hell     | Entered the Vestibule of Hell
 66402 | Hell     | Noticed Murray
 66402 | Hell     | Noticed Geryon
 66446 | Hell     | HP: 1/154 [balrug/+1 demon whip of electrocution (22)]
 66447 | Hell     | Killed from afar by a hell hound

Illustrated notes

Levels and vault maps discovered:
D:1:      dpeg_arrival_rooms_c, layout_basic
D:2:      layout_loops_corners, ebering_ecumenical_altar_hall,
          kennysheep_crisscross
D:3:      layout_loops_ring, lemuel_tele_altar
D:4:      layout_loops_cross, lemuel_coloured_pillars_altar,
          kennysheep_generic_room_16
D:5:      minmay_inner_zag, layout_gridville, nicolae_overflow_hidden_temple,
          uniq_eustachio
D:6:      layout_basic, temple_hall
D:7:      minmay_polygon_palace, layout_rooms, kennysheep_little_box,
          kennysheep_mini, amcnicky_altar_gilded
D:8:      layout_basic, lemuel_doored_altar, trog_book
D:9:      layout_gridville, kennysheep_windowed_goal, uniq_prince_ribbit1
D:10:     layout_roguey, gammafunk_temple_overflow_elements
D:11:     layout_basic, minmay_lair_entry_grove, david_orc_5
D:12:     layout_cave_pools, ebering_ghost_disaster_area, uniq_maurice,
          uniq_sonja
D:13:     layout_cave_pools, beargit_elvish_explorers
D:14:     layout_gridville, hangedman_vaults_entry_quadrant_bands, minivault_14
D:15:     grunt_enter_depths_hoard, layout_irregular_city, corexii_corridor_pit
Temple:   jpeg_temple_alley_garden
Lair:1:   layout_big_grid, minivault_24, fungi_pond_lemuel
Lair:2:   layout_roguey, gauntlet_entry_generic, grunt_megastairs_1
Lair:3:   layout_loops_ring, grunt_forest_large_clearing_hut
Lair:4:   layout_misc_corridors, minmay_shoals_entry_hut,
          minmay_snake_entry_six_corridors, grunt_forest_large_clearings,
          infiniplex_staircase_pool
Lair:5:   layout_gridlike, serial_forest, infiniplex_forest_straight_5,
          infiniplex_forest_end_2, infiniplex_forest_clump_curved,
          infiniplex_forest_side_room, infiniplex_forest_clump_medium,
          infiniplex_forest_corner_1, infiniplex_forest_clump_medium,
          st_stairs_7, beast_lair_carwin_9, lemuel_fruit_tree, uniq_nessos
Lair:6:   guppyfry_lair_end_dragon, layout_cave_pods,
          minmay_slime_entry_pillars, special_room [special_room_mythical_zoo],
          maelrawn_ghost_gauntlet_escape
Shoals:1: layout_shoals, nicolae_island_escapes, uniq_frances
Shoals:2: layout_shoals, uniq_ilsuiw
Shoals:3: layout_shoals, ebering_ghost_xom, uniq_jorgrun
Shoals:4: shoals_end_grunt_garden, layout_shoals, uniq_bai_suzhen
Snake:1:  layout_misc_corridors, serial_shops, shop, uniq_roxanne, uniq_nikola
Snake:2:  layout_onion, minmay_shop_star
Snake:3:  layout_chambers, minmay_shoptagon
Snake:4:  snake_pit, layout_cave_town, grunt_ministairs_12, uniq_aizul
Orc:1:    layout_caves
Orc:2:    st_orc_elflike, layout_diamond_mine, uniq_josephine
Elf:1:    minmay_elf_arrival_plus, layout_loops_cross, serial_shops,
          bzr_entry_water, orc_legates, st_stairs_4, minivault_16, minivault_27,
          uniq_agnes
Elf:2:    layout_rooms
Elf:3:    elf_hall_gauntlet_narrow, layout_loops_corners
Vaults:1: v_misc_5, nicolae_vaults_diagonal_hallway_9, ontoclasm_vaults_chip,
          vaults_not_door_vault_mu, v_rooms_3, vaults_room_pool,
          vaults_room_pool, vaults_room_pool, vaults_door_vault,
          layout_vaults_omnigrid
Vaults:2: ontoclasm_vaults_decontamination, minmay_crypt_entry_vampire_xt,
          nicolae_vaults_border_crossing, v_misc_4, v_pattern_1,
          nicolae_vaults_circle_grid_a, nicolae_vaults_hallways_thing,
          nicolae_vaults_what_the_h, v_misc_25, ontoclasm_vaults_ring_small,
          nicolae_vaults_octagons, v_alt_pattern_5, vaults_room_pools,
          grunt_vaults_hallway_short, layout_vaults_omnibox,
          infiniplex_enter_wizlab_water, serial_shops, shop
Vaults:3: hangedman_vaults_capsules, vaults_dpeg_doors, grunt_vaults_twisty,
          v_misc_10, v_misc_10, nicolae_vaults_network_square,
          vaults_dpeg_spiral, vaults_dpeg_encased_lava,
          nicolae_vaults_sealed_display, nicolae_vaults_little_squares_1,
          nicolae_vaults_little_squares_4, layout_vaults_ring, serial_glass,
          nicolae_trove_entry_isolated
Vaults:4: ebering_vaults_ghost_disaster_area, vaults_mumra_bighexcomb,
          nicolae_vaults_alarming, nicolae_vaults_mini_display_case,
          hangedman_vaults_restitches, ontoclasm_vaults_ring_large,
          hangedman_vaults_corner_blocks, vaults_room_semicircle,
          hangedman_vaults_corner_blocks, nicolae_vaults_little_squares_5,
          layout_vaults_omnicross, serial_shops, shop, shop, shop, shop,
          uniq_mennas
Depths:1: layout_basic, grunt_hell_entry_dis_mu, hangedman_abyss_entry_splay,
          serial_sigils_hangedman_scar, patterned_corridor, serial_bayou_shore_b
Hell

Skill      XL: |  1  2  3  4  5  6  7  8  9 10 11 12 13 14 15 16 17 18 19 20 21 22 23 |
---------------+----------------------------------------------------------------------+-----
Maces & Flails | 3 4 5 10 8 9 11 13 14 | 14.0
Shields        | 4 7 8 9 10 12 14 15 16 18 20 21 22 23 24 | 24.1
Throwing       | 1 2 3 5 6 7 8 9 10 | 10.1
Armour         | 4 6 7 8 9 10 11 12 14 15 16 17 | 17.4
Fighting       | 4 7 6 8 9 10 12 14 15 17 18 19 20 21 22 23 | 23.9
Stealth        | |  0.4

Action                   |  1- 3 |  4- 6 |  7- 9 | 10-12 | 13-15 | 16-18 | 19-21 | 22-24 || total
-------------------------+-------+-------+-------+-------+-------+-------+-------+-------++-------
Melee: Flail             |   169 |    94 |   385 |    77 |   675 |  1570 |  1870 |  1209 ||  6049
       Mace              |       |       |       |   430 |   634 |       |       |       ||  1064
Throw: Stone             |     6 |     8 |    92 |   121 |   157 |   352 |   109 |    15 ||   860
       Dart              |       |    13 |     4 |    13 |    10 |       |       |       ||    40
       Throwing net      |       |       |       |     1 |       |       |       |       ||     1
Invok: Sacrifice Experie |       |       |     1 |       |       |       |       |       ||     1
       Sacrifice Nimblen |       |       |     1 |       |       |       |       |       ||     1
       Power Leap        |       |       |       |     7 |    12 |    17 |    17 |     8 ||    61
       Draw Out Power    |       |       |       |     3 |       |     1 |     1 |     1 ||     6
       Sacrifice an Eye  |       |       |       |     1 |       |       |       |       ||     1
       Apocalypse        |       |       |       |     1 |     2 |     5 |     6 |     1 ||    15
       Sacrifice Artific |       |       |       |     1 |       |       |       |       ||     1
Evoke: Wand              |       |       |       |     1 |       |       |       |       ||     1
  Use: Scroll            |     2 |     4 |     4 |     6 |    10 |    24 |     4 |     4 ||    58
       Potion            |       |     1 |       |       |     6 |     8 |     5 |     1 ||    21
 Stab: Distracted        |       |       |     1 |     1 |     8 |     9 |    11 |    10 ||    40
       Invisible         |       |       |       |     5 |     9 |    15 |     5 |     3 ||    37
       Paralysed         |       |       |       |       |     9 |     7 |    20 |     8 ||    44
       Held in net/web   |       |       |       |       |       |     2 |       |       ||     2
       Confused          |       |       |       |       |       |       |     1 |       ||     1
Armor: Scale mail        |   118 |    41 |   202 |   196 |   136 |       |       |       ||   693
       Plate armour      |       |       |       |       |   323 |   602 |   535 |   449 ||  1909
       Skin              |       |       |       |       |     1 |       |       |       ||     1
Dodge: Dodged            |    69 |    18 |   179 |   141 |   298 |   352 |   181 |   170 ||  1408
Block: Kite shield       |   101 |    58 |   308 |   302 |   805 |   291 |       |       ||  1865
       Tower shield      |       |       |       |       |       |  1697 |  1641 |  1233 ||  4571

Table legend: (Time is in decaauts)
 A = Elapsed time spent in this place.
 B = Non-inter-level travel time spent in this place.
 C = Inter-level travel time spent in this place.
 D = Time resting spent in this place.
 E = Time spent auto-exploring this place.
 F = Levels seen in this place.
 G = Mean time per level.
                   A        B        C        D        E       F      G
               +--------+--------+--------+--------+--------+-----+--------+
         Total |  65615 |  62484 |   3131 |  20641 |  21330 |  45 | 1458.1 |
       Dungeon |  24034 |  22701 |   1333 |   9790 |   7738 |  15 | 1602.3 |
        Temple |    228 |    175 |     53 |      0 |    174 |   1 |  228.0 |
          Lair |  10059 |   9619 |    440 |   3429 |   3305 |   6 | 1676.5 |
        Shoals |   7752 |   7414 |    338 |   2993 |   2200 |   4 | 1938.0 |
     Snake Pit |   8710 |   8462 |    248 |   2814 |   2377 |   4 | 2177.5 |
  Orcish Mines |   1806 |   1706 |    100 |    476 |    773 |   2 |  903.0 |
   Elven Halls |   4824 |   4522 |    302 |    415 |   2004 |   3 | 1608.0 |
        Vaults |   6838 |   6523 |    315 |    596 |   2425 |   4 | 1709.5 |
        Depths |    558 |    558 |      0 |     55 |    152 |   1 |  558.0 |
          Hell |     40 |     40 |      0 |      0 |      0 |   1 |   40.0 |
         Abyss |    521 |    521 |      0 |     68 |    103 |   3 |  173.7 |
        Bazaar |    239 |    239 |      0 |      0 |     78 |   1 |  239.0 |
               +--------+--------+--------+--------+--------+-----+--------+

Top non-repeatable levels by time:
 Snake:3: 3131 daAuts
Shoals:2: 2748 daAuts
 Snake:4: 2682 daAuts
    D:12: 2634 daAuts
  Lair:3: 2598 daAuts
    D:10: 2584 daAuts
    D:11: 2430 daAuts
     D:2: 2403 daAuts
     D:8: 2389 daAuts
  Lair:6: 2139 daAuts
Shoals:3: 1988 daAuts
  Lair:5: 1955 daAuts
Vaults:2: 1947 daAuts
   Elf:3: 1902 daAuts
Shoals:4: 1875 daAuts
